AoeStats
← XIROCRONIX

Black Forest

508559512Analyzed
4v4 RM · 8d ago on Sep 23, 2026· 55m 10s· 8 players
Game mode
Random Map
Map size
Large (8 player)
Population
200
Speed
Normal
Resources
Standard
Victory
Conquest
Starting age
Dark Age
Ending age
Imperial Age
RankedLock teamsTeams togetherTeam positionsShared explorationLock speedFull tech treeHidden civsTurbo modeCheats
Victory
Defeat
🇮🇳 Jurchens · India
813
+13
🇨🇱 Khmer · Chile
798
+14
🇲🇽 Franks · Mexico
786
+14
🇲🇽 Spanish · Mexico
712
+17
🇺🇸 Japanese · United States
820
-34
🇺🇸 Varangians · United States
748
-15
🇺🇸 Britons · United States
731
-14
🇺🇸 Khmer · United States
670
-12
XIROCRONIX
2:15 Loom
12:27 Feudal Age
18:52 Wheelbarrow
19:14 Gold Mining
20:21 Double-Bit Axe
22:09 Town Watch
22:29 Horse Collar
27:51 Castle Age
26:53 Stone Mining
28:53 Bow Saw
30:45 Hand Cart
32:52 Scale Mail Armor
33:03 Forging
32:45 Arson
34:36 Chain Mail Armor
41:31 Pikeman
46:51 Imperial Age
46:53 Elite Samurai
47:56 Conscription
jedi
6:57 Loom
14:44 Feudal Age
15:59 Double-Bit Axe
17:32 Man-at-Arms
22:24 Castle Age
20:22 Horse Collar
21:59 Fletching
22:09 Padded Archer Armor
23:42 Bodkin Arrow
24:02 Leather Archer Armor
24:24 Heavy Plow
24:44 Bow Saw
26:03 Wheelbarrow
28:38 Gold Mining
28:38 Stone Mining
30:12 Hand Cart
37:10 Imperial Age
35:30 Gold Shaft Mining
34:45 Stone Mining
35:07 Heavy Plow
36:32 Caravan
37:31 Long Swordsman
39:44 Ballistics
38:51 Pikeman
39:27 Long Swordsman
39:59 Gambesons
40:14 Squires
40:34 Bracer
41:04 Ring Archer Armor
41:47 Forging
41:37 Scale Mail Armor
42:08 Ring Archer Armor
42:14 Yeomen
42:16 Conscription
42:04 Halberdier
43:25 Iron Casting
44:05 Chemistry
43:38 Chain Mail Armor
45:36 Elite Longbowman
52:25 Blast Furnace
51:55 Plate Mail Armor
dlwag77
1:03 Loom
10:28 Feudal Age
12:45 Horse Collar
12:59 Double-Bit Axe
18:26 Castle Age
20:07 Wheelbarrow
20:01 Bow Saw
21:02 Heavy Plow
24:24 Caravan
27:46 Fletching
28:10 Forging
28:27 Bodkin Arrow
32:46 Imperial Age
30:40 Hand Cart
31:40 Iron Casting
31:45 Ballistics
31:33 Stone Mining
32:51 Heavy Scorpion
34:47 Chemistry
34:29 Bracer
35:01 Siege Engineers
36:19 Blast Furnace
36:45 Scale Barding Armor
37:36 Light Cavalry
39:14 Bloodlines
39:05 Husbandry
39:44 Crop Rotation
39:15 Hussar
39:21 Hussar
44:36 Conscription
49:10 Chain Barding Armor
50:47 Double Crossbow
50:49 Tusk Swords
BKampen
0:41 Loom
14:52 Feudal Age
16:49 Wheelbarrow
16:32 Double-Bit Axe
17:00 Horse Collar
17:41 Man-at-Arms
24:18 Castle Age
24:36 Gold Mining
24:37 Stone Mining
26:09 Stone Mining
27:15 Fervor
27:18 Heavy Plow
27:37 Bow Saw
28:04 Caravan
29:41 Husbandry
29:52 Scale Barding Armor
29:59 Forging
32:51 Fortified Wall
32:22 Treadmill Crane
34:07 Murder Holes
34:49 Hand Cart
37:13 Iron Casting
37:00 Chain Barding Armor
36:52 Gold Mining
37:38 Stone Shaft Mining
38:26 Ballistics
38:19 Masonry
41:40 Imperial Age
41:26 Gambesons
41:41 Squires
41:58 Elite Varangian Guard
44:02 Conscription
46:35 Blast Furnace
45:36 Scale Mail Armor
45:47 Gothikon
47:49 Elite Jarl
49:18 Plate Barding Armor
48:58 Chain Mail Armor
48:55 Vendel Legacy
50:47 Long Swordsman
50:48 Pikeman
51:13 Arson
52:07 Theocracy
51:33 Devotion
51:58 Illumination
51:28 Herbal Medicine
51:34 Atonement
51:36 Padded Archer Armor
51:26 Fletching
52:07 Plate Mail Armor
51:40 Padded Archer Armor
51:30 Fletching
53:39 Architecture
53:00 Guard Tower
ostiinn
0:55 Loom
14:22 Feudal Age
19:07 Castle Age
17:50 Double-Bit Axe
18:08 Horse Collar
19:35 Wheelbarrow
20:19 Heavy Plow
20:42 Bow Saw
31:22 Imperial Age
31:22 Ballistics
30:59 Murder Holes
31:41 Fletching
31:51 Padded Archer Armor
32:02 Forging
31:58 Scale Barding Armor
33:38 Chemistry
32:24 Cavalier
33:51 Thumb Ring
34:15 Caravan
34:44 Redemption
35:00 Illumination
35:12 Theocracy
34:53 Block Printing
34:50 Fervor
35:00 Sanctity
36:20 Two-Man Saw
35:37 Bloodlines
35:28 Husbandry
36:58 Paladin
37:57 Heavy Mounted Crossbowman
40:22 Iron Casting
42:50 Onager
44:20 Chain Barding Armor
44:29 Light Cavalry
45:19 Hussar
49:02 Blast Furnace
52:57 Inquisition
53:21 Conscription
Arsaavedra23
12:44 Feudal Age
17:16 Castle Age
15:17 Double-Bit Axe
15:51 Gold Mining
16:04 Stone Mining
17:09 Wheelbarrow
18:57 Gold Shaft Mining
27:13 Coinage
28:18 Fortified Wall
27:49 Treadmill Crane
31:24 Imperial Age
30:26 Hand Cart
30:25 Caravan
33:24 Chemistry
33:29 Conscription
34:42 Bow Saw
34:24 Cavalier
35:07 Husbandry
36:28 Scale Barding Armor
35:47 Paladin
36:00 Pikeman
37:39 Forging
38:19 Chain Barding Armor
39:17 Iron Casting
39:32 Cranequins
43:30 Onager
44:30 Chivalry
45:18 Plate Barding Armor
46:56 Heavy Mounted Crossbowman
48:15 Light Cavalry
50:01 Blast Furnace
50:11 Ballistics
55:08 Scale Mail Armor
Nexus
0:54 Loom
11:39 Feudal Age
17:12 Castle Age
15:46 Double-Bit Axe
18:08 Bow Saw
19:33 Gold Mining
23:04 Town Watch
24:01 Wheelbarrow
25:12 Horse Collar
30:32 Imperial Age
28:27 Treadmill Crane
28:53 Siege Engineers
30:23 Ballistics
30:11 Scale Barding Armor
30:17 Forging
30:15 Heavy Plow
32:22 Chemistry
31:49 Murder Holes
32:05 Fortified Wall
32:03 Caravan
32:24 Hand Cart
32:10 Town Patrol
32:29 Bloodlines
32:22 Husbandry
32:45 Conscription
33:58 Gold Mining
34:09 Stone Mining
34:43 Chain Barding Armor
34:58 Iron Casting
34:36 Masonry
34:48 Elite Iron Pagoda
35:37 Elite Skirmisher
37:27 Gold Shaft Mining
37:36 Plate Barding Armor
38:01 Blast Furnace
37:14 Masonry
37:23 Light Cavalry
40:04 Fletching
41:03 Bodkin Arrow
41:40 Architecture
40:43 Hussar
42:49 Bracer
42:50 Padded Archer Armor
44:13 Gambesons
44:29 Squires
44:15 Arson
43:51 Pikeman
45:05 Fortified Bastions
45:43 Hoardings
48:53 Leather Archer Armor
48:38 Scale Mail Armor
51:53 Thunderclap Bombs
51:15 Sappers
52:57 Ring Archer Armor
52:42 Chain Mail Armor
Memobunke
0:33 Loom
9:53 Feudal Age
10:23 Double-Bit Axe
10:23 Horse Collar
18:34 Castle Age
19:56 Bow Saw
21:40 Heavy Plow
27:23 Caravan
31:34 Imperial Age
29:38 Stone Mining
30:04 Gold Mining
31:06 Forging
31:02 Scale Barding Armor
31:28 Town Watch
32:21 Wheelbarrow
32:24 Stone Shaft Mining
33:49 Gold Shaft Mining
34:32 Iron Casting
35:54 Fletching
37:05 Blast Furnace
36:26 Chain Barding Armor
36:09 Padded Archer Armor
37:14 Double Crossbow
37:35 Conscription
37:16 Bodkin Arrow
37:35 Bloodlines
37:26 Husbandry
36:47 Light Cavalry
38:01 Town Patrol
38:20 Hand Cart
39:53 Plate Barding Armor
39:40 Ballistics
40:21 Chemistry
39:17 Murder Holes
39:32 Fortified Wall
39:03 Elite Ballista Elephant
40:19 Hoardings
41:12 Tusk Swords
41:22 Elite Battle Elephant
43:22 Bracer
43:38 Leather Archer Armor
43:25 Scale Mail Armor
46:02 Ring Archer Armor
52:57 Chain Mail Armor
Connection lost

Rejoining the realm…

Still unreachable

The connection could not be restored.

Session expired

The server has moved on; the page needs a fresh start.